[Event "Late-Titled-Tuesday-Blitz-November-28-2023"]
[Site "Chess.com"]
[Date "2023.11.28"]
[Round "3"]
[White "Felix-Rose"]
[Black "katharinareinecke"]
[Result "1-0"]
[WhiteElo "2340"]
[BlackElo "1995"]
[TimeControl "180+1"]
[EndTime "14:25:59 PST"]
[Termination "Felix-Rose won by resignation"]

1. e4 c6 2. d4 d5 3. e5 Bf5 4. h4 h5 5. Bd3 Bxd3 6. Qxd3 e6 7. Bg5 Be7 8. Nf3 Nh6 9. Nc3 Nf5 10. Ne2 c5 11. dxc5 Nc6 12. c3 Qc7 13. Bxe7 Kxe7 14. Ned4 Nxe5 15. Nxf5+ exf5 16. Qxd5 Nxf3+ 17. Qxf3 Qxc5 18. Qxb7+ Kf6 19. O-O-O Rhd8 20. Qf3 g6 21.
Rxd8 Rxd8 22. Rd1 Rxd1+ 23. Kxd1 Qb6 24. Kc2 a5 25. Qf4 Qe6 26. Qd4+ Ke7 27. Qe3 Kd6 28. Qb6+ Kd7 29. Qxe6+ fxe6 30. Kd3 e5 31. f3 Kc6 32. a4 Kc5 33. b3 Kd5 34. b4 e4+ 35.
fxe4+ fxe4+ 36. Ke3 Kc4 37. bxa5 Kxc3 38. a6 1-0

[Event "Late-Titled-Tuesday-Blitz-November-28-2023"]
[Site "Chess.com"]
[Date "2023.11.28"]
[Round "3"]
[White "TanitoluwaAps116"]
[Black "ploxoi"]
[Result "0-1"]
[WhiteElo "2688"]
[BlackElo "2467"]
[TimeControl "180+1"]
[EndTime "14:26:03 PST"]
[Termination "ploxoi won on time"]

1. e4 c5 2. Nf3 e6 3. c3 d5 4.
exd5 Qxd5 5. d4 Nf6 6. Na3 Nc6 7. Be3 cxd4 8. Nb5 Qd8 9. Nbxd4 Nxd4 10. Bxd4 a6 11. Bd3 Be7 12. O-O O-O 13. Qe2 h6 14. Rad1 Qc7 15. Be5 Qa5 16. Bb1 g6 17. Rfe1 b5 18. Nd4 Bb7 19. Qc2 Bd5 20. Nxe6 Bxe6 21.
Bxf6 Bf5 22. Qd2 Bxf6 23. Bxf5 gxf5 24. Qxh6 Bg7 25. Qg5 Rad8 26. Rc1 Qxa2 27. Re3 Qd5 28. Rce1 Rd6 29. Qh5 Rg6 30. Rg3 Rxg3 31. hxg3 Qd2 32.
Re3 Qxb2 0-1

[Event "Late-Titled-Tuesday-Blitz-November-28-2023"]
[Site "Chess.com"]
[Date "2023.11.28"]
[Round "3"]
[White "A-Fier"]
[Black "Hikaru"]
[Result "0-1"]
[WhiteElo "2743"]
[BlackElo "3221"]
[TimeControl "180+1"]
[EndTime "14:26:04 PST"]
[Termination "Hikaru won by resignation"]

1. Nf3 g6 2. c4 Bg7 3. g3 d6 4. Bg2 Bd7 5. O-O Qc8 6. Re1 Nc6 7. d4 Bh3 8. Bh1 h5 9. Nc3 h4 10. Nd5 hxg3 11. hxg3 Bg4 12. Be3 Nf6 13. Bg2 Bh3 14.
Bh1 Kf8 15. Nf4 Bg4 16. Bg2 e5 17. dxe5 dxe5 18. Nd5 Qf5 19. Qb3 Rb8 20. Bxa7 Bh3 21. Bh1 Re8 22. Bc5+ Kg8 23. Qxb7 Nd8 24. Qxc7 Ne6 25. Ne7+ Rxe7 26. Qxe7 Bf8 27. Qc7 Nxc7 28. Bxf8 Kxf8 29. Red1 Kg7 0-1

[Event "Late-Titled-Tuesday-Blitz-November-28-2023"]
[Site "Chess.com"]
[Date "2023.11.28"]
[Round "3"]
[White "lluiss"]
[Black "annazero"]
[Result "0-1"]
[WhiteElo "2189"]
[BlackElo "2515"]
[TimeControl "180+1"]
[EndTime "14:26:11 PST"]
[Termination "annazero won by resignation"]

1. Nf3 g6 2. d4 Bg7 3. g3 d6 4.
Bg2 Nf6 5. O-O O-O 6. c4 c6 7. Nc3 Bf5 8. Nh4 Be6 9. d5 cxd5 10. cxd5 Bd7 11. Nf3 Qa5 12. Nd4 Na6 13. a3 Nc7 14. e4 b5 15. b4 Qb6 16. Bb2 a5 17. h3 axb4 18. axb4 Rxa1 19. Bxa1 Ra8 20. Bb2 Na6 21.
Nc6 Kf8 22. Qb3 Rc8 23. Rc1 Ne8 24. e5 Bxc6 25. dxc6 Bxe5 26. Ne4 Rxc6 27. Rxc6 Qxc6 28.
Nf6 Qc4 29. Nxh7+ Kg8 30. Qxc4 bxc4 31. Bxe5 dxe5 32. b5 c3 33. Ng5 c2 0-1

[Event "Late-Titled-Tuesday-Blitz-November-28-2023"]
[Site "Chess.com"]
[Date "2023.11.28"]
[Round "3"]
[White "The_Machine04"]
[Black "dropstoneDP"]
[Result "1-0"]
[WhiteElo "2667"]
[BlackElo "2955"]
[TimeControl "180+1"]
[EndTime "14:26:14 PST"]
[Termination "The_Machine04 won by resignation"]

1. d4 d5 2. Nf3 Nf6 3. e3 c5 4. c3 e6 5. Nbd2 Nbd7 6. Bd3 Bd6 7.
O-O O-O 8. Re1 e5 9. e4 dxe4 10.
Nxe4 Nxe4 11. Bxe4 exd4 12. cxd4 Nf6 13. Bg5 h6 14.
dxc5 Bxc5 15. Qxd8 Rxd8 16. Bxf6 gxf6 17. Rac1 Bb6 18. Rcd1 Be6 19. b3 Rxd1 20. Rxd1 Rc8 21. g3 Bh3 22. Nh4 Re8 23. Bf3 Re5 24. Ng2 Rc5 25.
Nf4 Bf5 26. Rd2 Bc7 27. Nd5 Be5 28. Ne7+ Kh7 29. Nxf5 b5 30. Kg2 b4 31. Rd7 Ra5 32. Bh5 Bf4 33. Rxf7+ Kh8 34. Bg6 1-0

[Event "Late-Titled-Tuesday-Blitz-November-28-2023"]
[Site "Chess.com"]
[Date "2023.11.28"]
[Round "3"]
[White "DefiantChair"]
[Black "Aleksandar-Topalov"]
[Result "1-0"]
[WhiteElo "2615"]
[BlackElo "2384"]
[TimeControl "180+1"]
[EndTime "14:26:18 PST"]
[Termination "DefiantChair won on time"]

1. e4 e6 2. d4 d5 3. Nd2 Nf6 4. e5 Ng8 5. c3 Ne7 6. f4 h5 7. Ngf3 Qd7 8. Bd3 g6 9. Ng5 b6 10. Qf3 Ba6 11. Bc2 c5 12. Nb3 Nf5 13. Be3 cxd4 14. Bxf5 gxf5 15. Nxd4 Nc6 16. Kf2 Be7 17.
Nh3 h4 18. Rhd1 Nxd4 19. Bxd4 O-O-O 20. a4 Bc4 21. Kg1 Kb8 22. Nf2 Rhg8 23. Qe3 Rg6 24.
Rd2 Rdg8 25. Nh3 Bb3 26. a5 b5 27. a6 Rc8 28. Ng5 Bf8 29. Nf3 Be7 30. Kh1 Bc4 31. b3 Bxb3 32. Rb2 Bc4 33. Nd2 Ka8 34. Rab1 b4 35. Nxc4 Rxc4 36. cxb4 Qb5 37. Bxa7 h3 38. Bc5 hxg2+ 39. Kg1 Bd8 40. a7 d4 41. Qf3+ Qb7 42. Qxb7+ Kxb7 43. Rxg2 Bb6 44. Bxb6 1-0

[Event "Late-Titled-Tuesday-Blitz-November-28-2023"]
[Site "Chess.com"]
[Date "2023.11.28"]
[Round "3"]
[White "Maxfan2008"]
[Black "jinxy2009"]
[Result "1-0"]
[WhiteElo "2549"]
[BlackElo "2286"]
[TimeControl "180+1"]
[EndTime "14:26:20 PST"]
[Termination "Maxfan2008 won by resignation"]

1. d4 d5 2. c4 e6 3. Nf3 Nf6 4. e3 Be7 5. b3 O-O 6. Bd3 b6 7. O-O Bb7 8. Bb2 Nbd7 9. Nc3 dxc4 10. bxc4 c5 11. Qe2 Rc8 12. Rad1 cxd4 13. exd4 Qc7 14. d5 Nc5 15. Nb5 Qb8 16. Be5 Qa8 17. Nc7 Rxc7 18.
Bxc7 Nxd3 19. Rxd3 Bd8 20. Bxd8 Rxd8 21. dxe6 Rxd3 22.
exf7+ Kxf7 23. Qxd3 Bxf3 24. Qxf3 Qc8 25. Qd3 Qc5 26. h3 Qa5 27. a3 Qg5 28. Re1 Qc5 29. Re2 Qg5 30. Qe3 Qf5 31. Qe7+ Kg6 32. Re3 Kh6 33. Rg3 Nh5 34. Qe3+ Nf4 35. Rf3 g5 36. Kh2 Qf7 37. g3 Qxc4 38. gxf4 1-0

[Event "Late-Titled-Tuesday-Blitz-November-28-2023"]
[Site "Chess.com"]
[Date "2023.11.28"]
[Round "3"]
[White "semchik73"]
[Black "gahryman"]
[Result "0-1"]
[WhiteElo "2402"]
[BlackElo "2687"]
[TimeControl "180+1"]
[EndTime "14:26:21 PST"]
[Termination "gahryman won on time"]

1. Nf3 d5 2. c4 e6 3. d4 Nf6 4. Nc3 Nbd7 5. Bg5 Bb4 6. e3 c5 7. a3 Bxc3+ 8. bxc3 Qa5 9. Qc2 Ne4 10. Bd3 Nxg5 11. Nxg5 cxd4 12. cxd5 dxe3 13. O-O Qxd5 14.
Nf3 Ne5 15. Nxe5 Qxe5 16. fxe3 Bd7 17. Rae1 Bc6 18. Rf4 h6 19. Bg6 O-O 20. Bh7+ Kh8 21. Ref1 Qxe3+ 22. Kh1 f5 23. Bg6 Rad8 24. Qb3 Rd2 25.
Rg1 Qxf4 0-1

[Event "Late-Titled-Tuesday-Blitz-November-28-2023"]
[Site "Chess.com"]
[Date "2023.11.28"]
[Round "3"]
[White "Sic_Transit_GM"]
[Black "wanyaland"]
[Result "1-0"]
[WhiteElo "2716"]
[BlackElo "2445"]
[TimeControl "180+1"]
[EndTime "14:26:28 PST"]
[Termination "Sic_Transit_GM won by resignation"]

1. g3 d5 2. Bg2 Nf6 3. Nf3 c5 4. O-O Nc6 5. d3 g6 6. Nc3 Bg7 7. e4 dxe4 8. dxe4 O-O 9. Be3 Qa5 10. h3 Rd8 11. Nd2 Be6 12. Qc1 Nd4 13. Re1 Rac8 14.
f4 b5 15. Nd1 c4 16. c3 Nc6 17. Nf2 h5 18. Qc2 a6 19. Nf3 Bd7 20. a3 Be8 21.
Rad1 e6 22. g4 hxg4 23. hxg4 Nd7 24. e5 Nb6 25. Ne4 Nd5 26. Bc1 Qb6+ 27. Kh2 Qb8 28. Qf2 f6 29. exf6 Nxf6 30. Nxf6+ Bxf6 31. Rxd8 Nxd8 32. Kg1 Bf7 33. Be3 Qc7 34. Bd4 Bxd4 35. Qxd4 Nc6 36. Qf6 Qe7 37. g5 Qxf6 38. gxf6 Rd8 39. Ng5 Rd6 40. Bxc6 Rxc6 41. Rd1 Rc7 42. Rd8+ 1-0

[Event "Late-Titled-Tuesday-Blitz-November-28-2023"]
[Site "Chess.com"]
[Date "2023.11.28"]
[Round "3"]
[White "Oleksandr_Bortnyk"]
[Black "Korchmar_Vasiliy"]
[Result "1-0"]
[WhiteElo "3048"]
[BlackElo "2725"]
[TimeControl "180+1"]
[EndTime "14:26:29 PST"]
[Termination "Oleksandr_Bortnyk won by resignation"]

1. e4 c5 2. c3 d5 3. exd5 Nf6 4.
Na3 Nxd5 5. Nf3 g6 6. Ne5 Bg7 7. Bb5+ Nd7 8. Qf3 Nf6 9. Bxd7+ Bxd7 10. Qxb7 O-O 11. Nxd7 Nxd7 12. O-O Ne5 13. b3 Qd3 14. Re1 Rad8 15. Qe4 Qa6 16. Nc4 Nd3 17. Re3 Nxc1 18. Rxc1 Qxa2 19. Qc2 Qxc2 20. Rxc2 Rd7 21. Ra2 Rb8 22.
Ra3 e6 23. g3 h5 24. f4 h4 25. g4 Bh6 26. g5 Bg7 27. Kg2 Rdb7 28. Kh3 Rxb3 29.
Rxa7 Rb1 30. Kxh4 Rf1 31. Kg4 Rbb1 32. Ra8+ Kh7 33. Rh3+ 1-0

[Event "Late-Titled-Tuesday-Blitz-November-28-2023"]
[Site "Chess.com"]
[Date "2023.11.28"]
[Round "3"]
[White "jcibarra"]
[Black "Koksal06"]
[Result "1-0"]
[WhiteElo "2910"]
[BlackElo "2624"]
[TimeControl "180+1"]
[EndTime "14:26:34 PST"]
[Termination "jcibarra won by resignation"]

1. e4 e5 2. Nf3 Nf6 3. Nc3 Nc6 4. h3 Bb4 5. Nd5 Bc5 6. c3 O-O 7. d3 d6 8. Bg5 Be6 9. Nxf6+ gxf6 10. Bh6 Re8 11. Be2 d5 12. O-O dxe4 13. dxe4 Qxd1 14. Rfxd1 Rad8 15. b4 Bf8 16. Be3 Rxd1+ 17. Bxd1 Bc4 18. Nd2 Bd3 19. Bb3 a5 20. a3 Ra8 21. Rc1 axb4 22. axb4 Kg7 23. f3 Kg6 24. Kf2 Ra3 25. g3 f5 26. Bd5 fxe4 27. fxe4 f6 28. Nf3 Ne7 29. Nh4+ Kg7 30. Bxb7 Ra7 31. Bxa7 1-0

[Event "Late-Titled-Tuesday-Blitz-November-28-2023"]
[Site "Chess.com"]
[Date "2023.11.28"]
[Round "3"]
[White "DanylaBagrov"]
[Black "Sulthankan"]
[Result "1-0"]
[WhiteElo "2595"]
[BlackElo "2373"]
[TimeControl "180+1"]
[EndTime "14:26:35 PST"]
[Termination "DanylaBagrov won by resignation"]

1. e4 c5 2. b4 cxb4 3. a3 d5 4.
exd5 Qxd5 5. Nf3 e5 6. c4 Qe6 7. axb4 Bxb4 8. Bb2 Nc6 9. Be2 Nf6 10. O-O O-O 11. Nc3 e4 12. Ne1 Bc5 13. Nb5 Qe7 14.
d4 exd3 15. Nxd3 Rd8 16. Re1 Ne4 17. Bf3 Bxf2+ 18. Nxf2 Rxd1 19. Raxd1 Qb4 20. Rxe4 Bf5 21. Re2 Qc5 22. Bd5 a6 23. Nd6 Bg6 24. Nxb7 Qb4 25.
Bxc6 Qb6 26. Bf3 a5 27. c5 Qb3 28. c6 a4 29. c7 1-0

[Event "Late-Titled-Tuesday-Blitz-November-28-2023"]
[Site "Chess.com"]
[Date "2023.11.28"]
[Round "3"]
[White "Alex_Sahakyan2006"]
[Black "chenrip"]
[Result "1/2-1/2"]
[WhiteElo "2692"]
[BlackElo "2431"]
[TimeControl "180+1"]
[EndTime "14:26:38 PST"]
[Termination "Game drawn by agreement"]

1. Nf3 Nf6 2. g3 d5 3. Bg2 c6 4.
O-O Nbd7 5. d4 Qc7 6. c4 dxc4 7.
Bf4 Qb6 8. Nbd2 Qa6 9. Qc2 b5 10. a4 Nd5 11. axb5 Qxb5 12. Nxc4 Nxf4 13. gxf4 e6 14.
Nfe5 Nxe5 15. Nxe5 Bb7 16. Bxc6+ Bxc6 17. Qxc6+ Qxc6 18.
Nxc6 a6 19. b4 Kd7 20. b5 Bd6 21. Ne5+ Bxe5 22. fxe5 axb5 23. Rab1 Rhb8 24. Rb4 Ra4 25. Rfb1 Rxb4 26. Rxb4 Kc6 27. e4 Ra8 28. d5+ exd5 29. exd5+ Kxd5 30. Rxb5+ Ke6 31. Kg2 Ra4 32. Kg3 f6 33.
exf6 Kxf6 34. f4 h6 35. h4 Ra1 36. Kg4 Rg1+ 37. Kh5 Rf1 38. Kg4 Rg1+ 39. Kh5 Rf1 40. Rb6+ Kf5 41. Rb7 Kf6 42. Kg4 Rg1+ 43. Kf3 Rf1+ 44.
Ke3 Rh1 45. Rb6+ Kf5 46. Rb5+ Kf6 47. h5 Re1+ 48. Kf2 Rh1 49. Kg2 Ra1 50. Kf2 Ra3 51. Rc5 Rh3 52. Kg2 Ra3 53. Rb5 Rc3 54. Re5 Ra3 55. Kf2 Rb3 56. Kg2 Ra3 57. Rc5 Rb3 58.
Rc8 Kf5 59. Rc7 Kxf4 60. Rxg7 Rb5 61. Rg6 Rxh5 1/2-1/2

[Event "Late-Titled-Tuesday-Blitz-November-28-2023"]
[Site "Chess.com"]
[Date "2023.11.28"]
[Round "3"]
[White "Alex_Banzea"]
[Black "GMJustin"]
[Result "1-0"]
[WhiteElo "2674"]
[BlackElo "2328"]
[TimeControl "180+1"]
[EndTime "14:26:38 PST"]
[Termination "Alex_Banzea won on time"]

1. d4 a6 2. Nc3 d5 3. Bf4 Nf6 4. e3 e6 5. Nf3 c5 6. Bd3 Nc6 7.
O-O c4 8. Be2 Bb4 9. Nb1 Ne4 10.
c3 Bd6 11. Nbd2 f5 12. h3 b5 13. Ne5 Nxe5 14. dxe5 Nxd2 15. Bh5+ g6 16. exd6 Nxf1 17.
Qd4 O-O 18. Bf3 Nxe3 19. Qxe3 Qf6 20. h4 Bd7 21. g3 Rae8 22. Be5 Qf7 23. Qf4 h5 24.
Rd1 Qh7 25. Rd4 Rc8 26. Qg5 Be8 27. Rxd5 1-0

[Event "Late-Titled-Tuesday-Blitz-November-28-2023"]
[Site "Chess.com"]
[Date "2023.11.28"]
[Round "3"]
[White "AEMEffi"]
[Black "SmirnovTimofey2000"]
[Result "1-0"]
[WhiteElo "2354"]
[BlackElo "2065"]
[TimeControl "180+1"]
[EndTime "14:26:38 PST"]
[Termination "AEMEffi won by resignation"]

1. d4 d5 2. c4 c6 3. Nc3 Nf6 4. Nf3 e6 5. e3 a6 6. c5 b6 7. cxb6 Qxb6 8. Be2 c5 9. O-O Nc6 10. dxc5 Bxc5 11. a3 O-O 12. Na4 Qa7 13. Nxc5 Qxc5 14. b4 Qb6 15. Bb2 Ne4 16. Rc1 Bd7 17. Nd2 Nxd2 18.
Qxd2 Rac8 19. Qd3 Ne7 20. Qxa6 Qb8 21. b5 Nf5 22. b6 Nd6 23. a4 Rc6 24. Rxc6 Bxc6 25.
a5 Bb7 26. Qd3 Rc8 27. a6 Bc6 28. b7 Nc4 29. bxc8=Q+ Qxc8 30. Qb3 Qxa6 31. Qb8+ 1-0

[Event "Late-Titled-Tuesday-Blitz-November-28-2023"]
[Site "Chess.com"]
[Date "2023.11.28"]
[Round "3"]
[White "whitemirrorninja"]
[Black "JSPrepz"]
[Result "0-1"]
[WhiteElo "2538"]
[BlackElo "2850"]
[TimeControl "180+1"]
[EndTime "14:26:39 PST"]
[Termination "JSPrepz won by resignation"]

1. e4 e5 2. Nf3 Nc6 3. Nc3 Nf6 4. Be2 Bb4 5. Nd5 Bc5 6. d3 h6 7. c3 d6 8. b4 Bb6 9. a4 a5 10. b5 Nxd5 11. bxc6 Nxc3 12. cxb7 Bxb7 13. Qb3 Nxe2 14.
Kxe2 Rb8 15. Qc4 O-O 16. Rd1 d5 17. Qc2 Re8 18. Be3 Ba6 19. Ke1 Bxe3 20. fxe3 Rb4 21. exd5 e4 22. dxe4 Rbxe4 23. Kf2 Rxe3 24. Kg1 Be2 25.
Re1 Bxf3 26. Rxe3 Rxe3 27. gxf3 Rxf3 28. Qg2 Rd3 29. Kh1 Rxd5 30. Rg1 Rg5 31. Qc6 Rxg1+ 32. Kxg1 Qd4+ 33. Kg2 Qb6 34. Qe8+ Kh7 35. h4 Qg6+ 36.
Kf3 Qf5+ 37. Kg3 c5 38. Qb5 Qe5+ 39. Kf3 Qc3+ 40. Kg2 Qc2+ 41. Kg3 Qc3+ 42. Kg2 Qb4 43. Qd7 Qb2+ 44. Kg3 Qe5+ 45. Kg2 Qe4+ 46. Kg3 Qg6+ 47. Kf3 c4 48. Qc7 Qd3+ 49. Kf2 c3 50. Qxf7 c2 51. Qc7 Qd2+ 0-1

[Event "Late-Titled-Tuesday-Blitz-November-28-2023"]
[Site "Chess.com"]
[Date "2023.11.28"]
[Round "3"]
[White "VitaliyChayka"]
[Black "C_K_G"]
[Result "1-0"]
[WhiteElo "2423"]
[BlackElo "2180"]
[TimeControl "180+1"]
[EndTime "14:26:41 PST"]
[Termination "VitaliyChayka won by resignation"]

1. d4 d5 2. Bf4 e6 3. e3 Nf6 4. Nd2 Bd6 5. Bg3 c5 6. c3 Nc6 7.
Ngf3 Qc7 8. dxc5 Bxg3 9. hxg3 e5 10. b4 a6 11. Be2 h6 12. a3 O-O 13. O-O Be6 14.
Qc2 Rad8 15. Rfd1 Qe7 16. e4 d4 17. cxd4 exd4 18. Bd3 Ng4 19. Nc4 Qf6 20. Rab1 Bxc4 21.
Bxc4 Nce5 22. Nxe5 Qxe5 23. Bd5 Qh5 24. Kf1 Qh1+ 25.
Ke2 Qxg2 26. Rf1 Ne3 27. Qd3 Nxf1 28. Rxf1 Rxd5 29. exd5 Re8+ 30. Kd2 Qxd5 31. Rc1 Re6 32. Rc4 Re4 33. f3 Re3 34. Qxd4 Qxd4+ 35. Rxd4 Rxa3 36. Rd7 a5 37. b5 Kf8 38. Rxb7 Ke8 39. c6 Kd8 40. b6 Rxf3 41. Rb8+ Ke7 42. c7 1-0

[Event "Late-Titled-Tuesday-Blitz-November-28-2023"]
[Site "Chess.com"]
[Date "2023.11.28"]
[Round "3"]
[White "drdaro"]
[Black "DvaHrasta"]
[Result "1-0"]
[WhiteElo "2254"]
[BlackElo "2507"]
[TimeControl "180+1"]
[EndTime "14:26:42 PST"]
[Termination "drdaro won on time"]

1. d4 Nf6 2. Nf3 e6 3. Nbd2 d5 4. g3 c5 5. Bg2 Nc6 6. e3 Qb6 7.
dxc5 Bxc5 8. O-O O-O 9. b3 a5 10. a3 Ne4 11. Bb2 f5 12. Qe2 Bd7 13. c4 Be8 14.
Rab1 Bh5 15. cxd5 exd5 16. Qd3 Rad8 17. Nd4 Ne5 18. Qc2 Rc8 19. Nxe4 fxe4 20. Qd2 Nd3 21. Bc3 Ra8 22. b4 axb4 23. axb4 Bd6 24. Bh3 Rae8 25. Be6+ Rxe6 26. Nxe6 Bxg3 27. fxg3 Rxf1+ 28. Rxf1 Qxe6 29. Qa2 h6 30. Qa8+ Kh7 31. Qxb7 Qg6 32. Qxd5 Be2 33. Rf7 1-0

[Event "Late-Titled-Tuesday-Blitz-November-28-2023"]
[Site "Chess.com"]
[Date "2023.11.28"]
[Round "3"]
[White "ashookk"]
[Black "PNEPaul"]
[Result "1-0"]
[WhiteElo "2322"]
[BlackElo "1863"]
[TimeControl "180+1"]
[EndTime "14:26:42 PST"]
[Termination "ashookk won on time"]

1. Nf3 a6 2. d4 d6 3. c4 g6 4. Nc3 h6 5. e4 Nd7 6. Be2 Bg7 7. O-O e5 8. Be3 Ne7 9. Qd2 f5 10. dxe5 dxe5 11. exf5 gxf5 12. Qc2 O-O 13. Rad1 c6 14. Qc1 Kh7 15. Rfe1 Qe8 16. Bd3 Qh5 17. Bb1 Ng6 18. Ne2 Nh4 19. Nxh4 Qxh4 20. Ng3 e4 21. f4 Nf6 22. Nf1 Ng4 23. g3 Qh3 24. Bd4 Nf6 25.
Qc2 Be6 26. b3 Rfd8 27. Bc3 Kg8 28. Ne3 Kf7 29. Qg2 Qxg2+ 30. Kxg2 1-0

[Event "Late-Titled-Tuesday-Blitz-November-28-2023"]
[Site "Chess.com"]
[Date "2023.11.28"]
[Round "3"]
[White "GlavkonVVS"]
[Black "GoValya"]
[Result "1-0"]
[WhiteElo "2517"]
[BlackElo "2208"]
[TimeControl "180+1"]
[EndTime "14:26:45 PST"]
[Termination "GlavkonVVS won by resignation"]

1. c4 g6 2. Nc3 Bg7 3. Nf3 c5 4. g3 Nc6 5. Bg2 Nf6 6. O-O O-O 7. d3 d5 8. cxd5 Nxd5 9. Bd2 e6 10. a3 b6 11. Rc1 Bb7 12. Qa4 Rc8 13. Rfd1 h6 14. e3 Qe7 15. Nxd5 exd5 16. b4 d4 17. bxc5 bxc5 18. e4 Kh7 19. Rb1 Ba8 20. h4 c4 21.
Qxc4 Qxa3 22. Ra1 Qe7 23. Qa4 Rfd8 24. h5 Ne5 25. Nxe5 Bxe5 26. hxg6+ fxg6 27. Qxa7 Rc7 28. Qb6 Bc6 29. Rdc1 Rd6 30. f4 Bg7 31. e5 Bxe5 32. fxe5 Re6 33. Rxc6 Rexc6 34. Bxc6 Qxe5 35. Bf4 1-0

[Event "Late-Titled-Tuesday-Blitz-November-28-2023"]
[Site "Chess.com"]
[Date "2023.11.28"]
[Round "3"]
[White "TigrVShlyape"]
[Black "Nf3c5"]
[Result "1-0"]
[WhiteElo "2964"]
[BlackElo "2490"]
[TimeControl "180+1"]
[EndTime "14:26:46 PST"]
[Termination "TigrVShlyape won by resignation"]

1. e4 c5 2. Nf3 a6 3. c4 Nc6 4. d4 cxd4 5. Nxd4 e5 6. Nc2 Bc5 7.
Nc3 Nf6 8. Be3 d6 9. Be2 O-O 10. O-O Be6 11. b3 Rc8 12. Qd2 h6 13. h3 Nd7 14. Rad1 Qh4 15. Kh2 Nf6 16. f3 Nh7 17.
Qe1 Qe7 18. Qg3 Kh8 19. f4 f5 20. fxe5 dxe5 21. exf5 Bxf5 22. Nd5 Qd6 23. Rxf5 Rxf5 24. Nb6 Qf8 25. Bxc5 Qxc5 26. Nxc8 Ng5 27. Qe3 Qf8 28. Nd6 Rf6 29. Ne4 Nxe4 30. Qxe4 Rf4 31. Qe3 g5 32. Bf3 e4 33. Bxe4 Qb8 34. Kg1 Qe5 35. Bxc6 1-0

[Event "Late-Titled-Tuesday-Blitz-November-28-2023"]
[Site "Chess.com"]
[Date "2023.11.28"]
[Round "3"]
[White "serena-maria"]
[Black "stolencandy13"]
[Result "1-0"]
[WhiteElo "2335"]
[BlackElo "2538"]
[TimeControl "180+1"]
[EndTime "14:26:47 PST"]
[Termination "serena-maria won on time"]

1. e4 c6 2. d4 d5 3. f3 Qb6 4.
Nc3 dxe4 5. fxe4 e5 6. Nf3 exd4 7. Qxd4 Qxd4 8. Nxd4 Bg4 9. h3 Bh5 10. Be3 Nd7 11. g4 Bg6 12. O-O-O Bb4 13. Nf5 Bxf5 14. exf5 Bxc3 15. bxc3 Ngf6 16. Bg2 Nb6 17. Bc5 Nfd7 18. Rhe1+ Kd8 19. Be7+ Kc8 20. Bd6 Kd8 21. Re7 g6 22.
Rxf7 gxf5 23. gxf5 Rg8 24. Bf3 Nd5 25. Bxd5 cxd5 26.
Rxd5 Kc8 27. Bf4 Nb6 28. Rc5+ Kd8 29. Rxh7 Rc8 30. Bc7+ Rxc7 31. Rcxc7 Rg2 32. f6 Rf2 33. f7 1-0

[Event "Late-Titled-Tuesday-Blitz-November-28-2023"]
[Site "Chess.com"]
[Date "2023.11.28"]
[Round "3"]
[White "Zhigalko_Sergei"]
[Black "cthulhuuu"]
[Result "1-0"]
[WhiteElo "2910"]
[BlackElo "2488"]
[TimeControl "180+1"]
[EndTime "14:26:50 PST"]
[Termination "Zhigalko_Sergei won on time"]

1. e4 d6 2. d4 Nf6 3. Nc3 c6 4.
Nf3 Bg4 5. h3 Bh5 6. Be2 e6 7.
O-O d5 8. e5 Nfd7 9. Nh2 Bxe2 10. Nxe2 c5 11. c3 Nc6 12. Be3 cxd4 13. cxd4 Qb6 14.
b3 Rc8 15. Nf4 Ba3 16. Qg4 g6 17. Nf3 Ne7 18. Bc1 Bb4 19. Nd3 Bc3 20. Bb2 Bxb2 21.
Nxb2 O-O 22. Rfe1 Rc2 23. Nd3 Rfc8 24. Qf4 Qa6 25. Nb4 Qa5 26. Nxc2 Rxc2 27. Rec1 Qc3 28. Rxc2 Qxa1+ 29. Rc1 Qxa2 30. Rc7 Qb1+ 31. Kh2 Qf5 32.
Qxf5 1-0

[Event "Late-Titled-Tuesday-Blitz-November-28-2023"]
[Site "Chess.com"]
[Date "2023.11.28"]
[Round "3"]
[White "maurovargas01"]
[Black "PushingpawnsNYC"]
[Result "0-1"]
[WhiteElo "1841"]
[BlackElo "2316"]
[TimeControl "180+1"]
[EndTime "14:26:51 PST"]
[Termination "PushingpawnsNYC won by checkmate"]

1. e4 c5 2. Nc3 a6 3. f4 e6 4. Nf3 b5 5. d3 b4 6. Ne2 Bb7 7. g4 Ke7 8. Bg2 d6 9. O-O Nc6 10. c3 a5 11. f5 Nf6 12. fxe6 fxe6 13. Qe1 Ba6 14. c4 e5 15. Qh4 Kd7 16. g5 Ne8 17. Bh3+ Kc7 18. a3 Be7 19. Qg4 Bc8 20. Qg3 Bxh3 21. Qxh3 Qd7 22. axb4 Qxh3 23. b5 Nb4 24. Nc3 Rf8 25. Nd2 Nc2 26. Ra4 Ne3 27. Rxf8 Qg2# 0-1

[Event "Late-Titled-Tuesday-Blitz-November-28-2023"]
[Site "Chess.com"]
[Date "2023.11.28"]
[Round "3"]
[White "Teidi96"]
[Black "nindjaxx8"]
[Result "1-0"]
[WhiteElo "2272"]
[BlackElo "2458"]
[TimeControl "180+1"]
[EndTime "14:26:58 PST"]
[Termination "Teidi96 won by checkmate"]

1. e4 e6 2. d4 d5 3. Nd2 c5 4. exd5 Qxd5 5. Ngf3 cxd4 6. Bc4 Qd6 7. Qe2 Nc6 8. Nb3 Nf6 9. Bg5 e5 10. O-O-O Bg4 11. h3 Bxf3 12. Qxf3 O-O-O 13. Bxf7 Be7 14. Bc4 Rhf8 15. Qe2 Nd5 16. Bxe7 Ncxe7 17. Rhe1 Nc6 18. Bxd5 Qxd5 19. f3 a5 20. Qe4 Qc4 21. Kb1 a4 22.
Nd2 Qb4 23. a3 Qb6 24. Nc4 Qb5 25. Nxe5 Na5 26. Qg4+ Kb8 27. Rxd4 Rxd4 28. Qxd4 Ka8 29. Qb4 Qxb4 30. axb4 Nc6 31. Nxc6 bxc6 32. Re7 Rf4 33.
Rxg7 Rxb4 34. Kc1 Rb5 35. Rxh7 Re5 36. Kb1 Re1+ 37. Ka2 Re2 38. g4 Rxc2 39. f4 c5 40. f5 c4 41. Ka3 Rf2 42. Rf7 Kb8 43. h4 Rf4 44. g5 Rxh4 45. g6 Rg4 46. g7 c3 47.
bxc3 Kc8 48. Rf8+ Kc7 49. g8=Q Rc4 50. Qxc4+ Kd7 51. Qe6+ Kc7 52. Rf7+ Kb8 53. Qe8# 1-0

[Event "Late-Titled-Tuesday-Blitz-November-28-2023"]
[Site "Chess.com"]
[Date "2023.11.28"]
[Round "3"]
[White "Jospem"]
[Black "Andrei_Skvortsov"]
[Result "0-1"]
[WhiteElo "3049"]
[BlackElo "2752"]
[TimeControl "180+1"]
[EndTime "14:26:59 PST"]
[Termination "Andrei_Skvortsov won by resignation"]

1. e4 d5 2. exd5 Qxd5 3. Nc3 Qe5+ 4. Be2 Bg4 5. d4 Bxe2 6. Ngxe2 Qa5 7. b4 Qxb4 8. Rb1 Qc4 9. O-O Nf6 10. Rxb7 e6 11.
Bf4 Na6 12. Qd3 Qxd3 13. cxd3 Kd7 14. Rc1 Ba3 15. Rcb1 Rhb8 16. R7b3 Bd6 17. Be5 Rxb3 18. axb3 Nb4 19. Rd1 Rb8 20. Ne4 Nxe4 21. dxe4 f6 22.
Bxd6 cxd6 23. Ra1 Rb7 24. g3 d5 25. Nc3 Nc6 26. exd5 Nxd4 27. dxe6+ Kxe6 28. b4 Nc2 29. Ra6+ Kf7 30. b5 Nd4 31. Ra5 Ke6 32. Kg2 Kd6 33.
Ne4+ Kc7 34. Nc3 Kb6 35. Ra6+ Kc5 36. Rc6+ Nxc6 37. bxc6 Kxc6 38. Ne2 a5 39. Nd4+ Kc5 40. Ne6+ Kc4 0-1

[Event "Late-Titled-Tuesday-Blitz-November-28-2023"]
[Site "Chess.com"]
[Date "2023.11.28"]
[Round "3"]
[White "Goffredo_Fofi"]
[Black "DAVIDHDZSTS"]
[Result "1-0"]
[WhiteElo "2506"]
[BlackElo "2003"]
[TimeControl "180+1"]
[EndTime "14:26:59 PST"]
[Termination "Goffredo_Fofi won by checkmate"]

1. e4 c5 2. d3 e6 3. g3 d5 4. Nd2 Nc6 5. Bg2 Nf6 6. Ngf3 d4 7. a4 e5 8. Nc4 Bd6 9. O-O Bc7 10. Nh4 Be6 11. Bd2 Bxc4 12. dxc4 Qe7 13. Nf5 Qf8 14. f4 exf4 15. gxf4 g6 16. Ng3 Qe7 17. e5 Nd7 18. Ne4 O-O 19. Qg4 Rfd8 20. Be1 f5 21. exf6 Nxf6 22. Nxf6+ Qxf6 23. Bh4 Qg7 24. Bxd8 Rxd8 25.
Rae1 d3 26. cxd3 Qd4+ 27. Kh1 Qxd3 28. Qe6+ Kg7 29. Bxc6 bxc6 30. Qe7+ Kh6 31. Qxc7 Rd4 32. f5 Rxc4 33. Qxc6 Rc2 34. Qf3 Qxf3+ 35. Rxf3 Rxb2 36. f6 c4 37. f7 c3 38. f8=Q+ Kh5 39. Rh3+ Kg4 40.
Qf3+ Kg5 41. Rg1+ Rg2 42. Rxg2# 1-0